Blue Jackets vs Rangers
Created - May 3, 2019 at 21:51
Goals
|
| Blue Jackets |
0 |
4 |
3 |
7 |
| Rangers |
1 |
0 |
3 |
4 |
|
Shots
|
| Blue Jackets |
2 |
18 |
12 |
32 |
| Rangers |
9 |
17 |
13 |
39 |
|
1st period
1. Rangers , Chris Bourque 15 (Matt Read 26, Luke Schenn 49) at 8:49
Penalties :
Gustav Nyquist (NYR) for Tripping (Minor) at 4:52, Mike Comrie (Clb) for Interference (Minor) at 12:19, Artem Anisimov (NYR) for Hooking (Minor) at 17:26
2nd period
2. Blue Jackets , Pavel Datsyuk 41 (Dennis Wideman 33) at 0:23
3. Blue Jackets , Max Pacioretty 25 (Mike Comrie 23, Mike Lundin 38) at 1:04 (PP)
4. Blue Jackets , Devin Setoguchi 19 (Mike Lundin 39, Dennis Wideman 34) at 12:04
5. Blue Jackets , Martin Havlat 38 (Pavel Datsyuk 61, Brenden Morrow 25) at 12:34
Penalties :
Jakob Silfverberg (NYR) for Hooking (Minor) at 0:30, Mike Comrie (Clb) for Boarding (Minor) at 18:04
3rd period
6. Rangers , Jakob Silfverberg 35 (Patrice Bergeron 47, Colten Teubert 11) at 2:13
7. Blue Jackets , Brenden Morrow 18 (Pavel Datsyuk 62, Martin Havlat 70) at 3:35 (PP)
8. Blue Jackets , Max Pacioretty 26 (Devin Setoguchi 21, Rick DiPietro) at 4:56 (PP)
9. Blue Jackets , Max Pacioretty 27 (Devin Setoguchi 22, Mike Comrie 24) at 8:36
10. Rangers , Chris Bourque 16 (Luke Schenn 50) at 13:59
11. Rangers , Mark Fistric 3 (Ryan Suter 15, Braden Holtby) at 15:40
Penalties :
Kyle Okposo (NYR) for Roughing (Minor) at 3:03, Jakob Silfverberg (NYR) for Cross-checking (Minor) at 3:25, Patrice Bergeron (NYR) for Fighting (Major) at 8:54, Brenden Morrow (Clb) for Fighting (Major) at 8:54, Pavel Datsyuk (Clb) for Cross-checking (Minor) at 18:07
Goalie Stats
Rick DiPietro (Clb), 35 saves from 39 shots - (0.897), W, 37-26-8, 60:00 minutes
Frederik Andersen (NYR), 12 saves from 16 shots - (0.750), 32:34 minutes
Braden Holtby (NYR), 13 saves from 16 shots - (0.813), L, 6-8-2, 27:26 minutes
Players Stats for Blue Jackets
Player Name G A P +/- PIM S H SB GA TA FO MP PP MP PK MP
------------------------------------------------------------------------------------
A.J Thelen 0 0 0 -1 0 0 1 0 0 1 0/0 10:31 0:00 0:00
Andreas Nodl 0 0 0 -2 0 1 0 0 0 0 1/1 10:25 0:00 0:00
Branislav Mezei 0 0 0 -1 0 0 0 1 0 1 0/0 10:31 0:00 0:00
Brenden Morrow 1 1 2 2 5 5 1 0 1 1 0/2 21:16 3:58 2:22
Cam Fowler 0 0 0 -2 0 1 3 1 0 0 0/0 19:33 1:57 2:33
Dennis Wideman 0 2 2 3 0 3 1 1 0 2 0/0 29:55 4:27 3:17
Devin Setoguchi 1 2 3 0 0 3 5 0 0 0 2/2 17:34 2:20 0:55
Greg Campbell 0 0 0 0 0 0 1 0 0 0 1/3 6:43 0:00 0:49
Kevin Porter 0 0 0 0 0 0 0 0 0 0 0/0 3:14 0:07 0:18
Kurtis Foster 0 0 0 -2 0 0 2 2 0 1 0/0 19:33 1:57 2:33
Marcus Nilson 0 0 0 -2 0 0 1 1 0 0 0/0 11:22 0:07 0:03
Martin Havlat 1 1 2 2 0 5 0 1 0 1 0/2 24:37 4:05 3:25
Max Pacioretty 3 0 3 0 0 5 1 0 1 1 0/0 16:39 2:20 0:00
Mike Comrie 0 2 2 0 4 2 0 1 1 0 6/14 16:46 2:20 0:00
Mike Lundin 0 2 2 3 0 1 4 2 0 3 0/0 29:56 4:28 3:17
Mike York 0 0 0 0 0 0 0 0 1 0 0/0 5:54 0:00 0:00
Pavel Datsyuk 1 2 3 2 2 6 0 0 1 0 29/50 27:40 3:58 2:25
Peter Mueller 0 0 0 -2 0 0 0 0 1 0 3/4 11:56 0:00 1:23
Players Stats for Rangers
Player Name G A P +/- PIM S H SB GA TA FO MP PP MP PK MP
------------------------------------------------------------------------------------
Alex Tanguay 0 0 0 0 0 0 0 0 0 0 1/1 10:36 0:00 1:14
Artem Anisimov 0 0 0 2 2 1 0 0 1 0 1/2 7:59 0:00 0:00
Cam Barker 0 0 0 -1 0 1 2 1 1 0 0/0 24:44 2:10 4:23
Chris Bourque 2 0 2 2 0 5 3 0 0 0 0/0 7:32 0:00 0:00
Colten Teubert 0 1 1 0 0 1 0 0 0 0 0/0 14:37 0:00 0:00
Gustav Nyquist 0 0 0 0 2 2 1 1 0 0 1/1 11:37 2:10 0:00
Jakob Silfverberg 1 0 1 -1 4 3 3 0 2 0 2/3 23:15 2:53 2:30
James Neal 0 0 0 -1 0 7 3 0 3 0 0/0 20:33 2:53 0:00
Kyle Okposo 0 0 0 -1 2 2 1 0 0 2 2/3 17:10 2:57 0:00
Luke Schenn 0 2 2 -1 0 3 1 2 2 0 0/0 23:41 3:40 2:02
Mark Fistric 1 0 1 1 0 1 1 1 0 1 0/0 17:26 0:00 2:02
Matt Greene 0 0 0 0 0 1 1 1 0 0 0/0 14:49 0:00 0:25
Matt Read 0 1 1 2 0 1 0 0 0 0 0/0 7:32 0:00 0:00
Milan Lucic 0 0 0 -1 0 1 0 1 0 0 8/11 20:34 2:57 4:26
Patrice Bergeron 0 1 1 -1 5 3 3 0 0 2 17/42 21:55 2:53 2:54
Ryan Suter 0 1 1 1 0 0 0 0 0 1 0/0 18:09 0:00 3:58
Sean Couturier 0 0 0 0 0 6 1 0 1 0 1/2 14:04 3:40 0:33
Stephen Weiss 0 0 0 -1 0 1 2 0 1 0 3/13 17:06 2:57 1:02
3 Stars
1 - Max Pacioretty (Clb)
2 - Devin Setoguchi (Clb)
3 - Mike Lundin (Clb)
Power Play
Blue Jackets - 3 on 4 Attempt(s) - 75.00%
Rangers - 0 on 4 Attempt(s) - 0.00%
Penalty Kill
Blue Jackets - 4 on 4 Attempt(s) - 100.00%
- Score 0 goal in Penalty Kill
Rangers - 1 on 4 Attempt(s) - 25.00%
- Score 0 goal in Penalty Kill
Team Stat
Blue Jackets - Hits : 20 - Faceoff Wins : 42 - Blocked Shots : 10 - Penalty Minutes : 11
Rangers - Hits : 22 - Faceoff Wins : 36 - Blocked Shots : 7 - Penalty Minutes : 15
Official
Referees : Unknown
Linesman : Unknown
Game Notes
17:52 of 1st period - Penalty Shot by Dennis Wideman for Blue Jackets - Stopped by Frederik Andersen
Braden Holtby enters game at 12:34 of 2nd period
Max Pacioretty has scored a Hat Trick!
Patrice Bergeron beats up Brenden Morrow at 8:54 of 3rd period
Finance
Level 1 -- Attendance: 4778 (79.63%) -- Ticket Income $453,910
Level 2 -- Attendance: 3507 (70.14%) -- Ticket Income $210,420
Level 3 -- Attendance: 1750 (87.50%) -- Ticket Income $61,250
Level 4 -- Attendance: 3718 (92.95%) -- Ticket Income $92,950
Luxury Box -- Attendance: 786 (78.60%) -- Ticket Income $141,480
Game was played at the Madison Square Garden.
Total Attendance: 14539 (80.77%)
Total Ticket Income: $960,010
Other Income: $144,002
Total Income: $1,104,012
Blue Jackets
5 vs 5 Forward
Center Left Wing Right Wing Time % Phy DF OF
1 Pavel Datsyuk Brenden Morrow Martin Havlat 40 1 2 2
2 Mike Comrie Max Pacioretty Devin Setoguchi 30 1 2 2
3 Peter Mueller Marcus Nilson Andreas Nodl 20 1 2 2
4 Greg Campbell Mike York Pavel Datsyuk 10 1 2 2
5 vs 5 Defense
Defense Defense Time % Phy DF OF
1 Mike Lundin Dennis Wideman 40 1 2 2
2 Kurtis Foster Cam Fowler 30 1 2 2
3 Branislav Mezei A.J Thelen 20 1 2 2
4 Mike Lundin Dennis Wideman 10 1 2 2
PowerPlay Forward
Center Left Wing Right Wing Time % Phy DF OF
1 Pavel Datsyuk Brenden Morrow Martin Havlat 60 1 2 2
2 Mike Comrie Max Pacioretty Devin Setoguchi 40 1 2 2
PowerPlay Defense
Defense Defense Time % Phy DF OF
1 Mike Lundin Dennis Wideman 60 1 2 2
2 Kurtis Foster Cam Fowler 40 1 2 2
Penalty Kill 4 Players Forward
Center Wing Time % Phy DF OF
1 Pavel Datsyuk Martin Havlat 60 1 2 2
2 Brenden Morrow Devin Setoguchi 40 1 2 2
Penalty Kill 4 Players Defense
Defense Defense Time % Phy DF OF
1 Mike Lundin Dennis Wideman 60 1 2 2
2 Kurtis Foster Cam Fowler 40 1 2 2
Penalty Kill - 3 Players Forward
Forward Time % Phy DF OF
1 Pavel Datsyuk 60 1 2 2
2 Martin Havlat 40 1 2 2
Penalty Kill - 3 Players Defense
Defense Defense Time % Phy DF OF
1 Mike Lundin Dennis Wideman 60 1 2 2
2 Kurtis Foster Cam Fowler 40 1 2 2
4 vs 4 Forward
Center Wing Time % Phy DF OF
1 Pavel Datsyuk Martin Havlat 60 1 2 2
2 Brenden Morrow Devin Setoguchi 40 1 2 2
4 vs 4 Defense
Defense Defense Time % Phy DF OF
1 Mike Lundin Dennis Wideman 60 1 2 2
2 Kurtis Foster Cam Fowler 40 1 2 2
Last Minutes Offensive
Center Left Wing Right Wing Defense Defense
Pavel Datsyuk Brenden Morrow Martin Havlat Mike Lundin Dennis Wideman
Last Minutes Defensive
Center Left Wing Right Wing Defense Defense
Pavel Datsyuk Brenden Morrow Martin Havlat Mike Lundin Dennis Wideman
Goaltenders
Starting : Rick DiPietro
Backup : Mike Brodeur
Extra Forwards
Normal : Kevin Porter, Marcus Nilson, Peter Mueller - PP : Kevin Porter, Marcus Nilson - PK : Peter Mueller
Extra Defensemen
Normal : Branislav Mezei, A.J Thelen, Kurtis Foster - PP : Branislav Mezei - PK : A.J Thelen, Kurtis Foster
Penalty Shots
Pavel Datsyuk, Martin Havlat, Brenden Morrow, Devin Setoguchi, Max Pacioretty
Scratches
Andrew Gordon (Healthy), Patrick O'Sullivan (Healthy), Ryan Wilson (Healthy), Tyler Kennedy (Healthy)
Rangers
5 vs 5 Forward
Center Left Wing Right Wing Time % Phy DF OF
1 Patrice Bergeron James Neal Jakob Silfverberg 40 1 2 2
2 Stephen Weiss Milan Lucic Kyle Okposo 30 1 2 2
3 Sean Couturier Alex Tanguay Gustav Nyquist 20 1 2 2
4 Artem Anisimov Chris Bourque Matt Read 10 1 2 2
5 vs 5 Defense
Defense Defense Time % Phy DF OF
1 Luke Schenn Cam Barker 35 1 2 2
2 Ryan Suter Mark Fistric 30 1 2 2
3 Matt Greene Colten Teubert 30 1 2 2
4 Luke Schenn Cam Barker 5 1 2 2
PowerPlay Forward
Center Left Wing Right Wing Time % Phy DF OF
1 Patrice Bergeron James Neal Jakob Silfverberg 60 1 2 2
2 Stephen Weiss Milan Lucic Kyle Okposo 40 1 2 2
PowerPlay Defense
Defense Defense Time % Phy DF OF
1 Sean Couturier Luke Schenn 60 1 2 2
2 Gustav Nyquist Cam Barker 40 1 2 2
Penalty Kill 4 Players Forward
Center Wing Time % Phy DF OF
1 Milan Lucic Jakob Silfverberg 60 1 2 2
2 Patrice Bergeron Stephen Weiss 40 1 2 2
Penalty Kill 4 Players Defense
Defense Defense Time % Phy DF OF
1 Cam Barker Ryan Suter 60 1 2 2
2 Mark Fistric Luke Schenn 40 1 2 2
Penalty Kill - 3 Players Forward
Forward Time % Phy DF OF
1 Jakob Silfverberg 60 1 2 2
2 Milan Lucic 40 1 2 2
Penalty Kill - 3 Players Defense
Defense Defense Time % Phy DF OF
1 Mark Fistric Luke Schenn 60 1 2 2
2 Cam Barker Ryan Suter 40 1 2 2
4 vs 4 Forward
Center Wing Time % Phy DF OF
1 Patrice Bergeron Milan Lucic 60 1 2 2
2 Jakob Silfverberg James Neal 40 1 2 2
4 vs 4 Defense
Defense Defense Time % Phy DF OF
1 Luke Schenn Cam Barker 60 1 2 2
2 Ryan Suter Mark Fistric 40 1 2 2
Last Minutes Offensive
Center Left Wing Right Wing Defense Defense
Milan Lucic Patrice Bergeron Jakob Silfverberg Mark Fistric Ryan Suter
Last Minutes Defensive
Center Left Wing Right Wing Defense Defense
Milan Lucic Patrice Bergeron Jakob Silfverberg Mark Fistric Ryan Suter
Goaltenders
Starting : Frederik Andersen
Backup : Braden Holtby
Extra Forwards
Normal : Kyle Okposo, Gustav Nyquist, Sean Couturier - PP : Milan Lucic, Jakob Silfverberg - PK : Patrice Bergeron
Extra Defensemen
Normal : Colten Teubert, Cam Barker, Luke Schenn - PP : Mark Fistric - PK : Ryan Suter, Matt Greene
Penalty Shots
Kyle Okposo, Gustav Nyquist, Sean Couturier, Milan Lucic, Jakob Silfverberg
Scratches
Alexei Emelin (Healthy)
% Time on Ice - Blue Jackets
Lines # - Real PCT - Wanted PCT - Time Play
Normal Forward
1 - 36% - 40% - 17:07
2 - 30% - 30% - 14:19
3 - 22% - 20% - 10:25
4 - 12% - 10% - 5:54
Normal Defense
1 - 41% - 40% - 19:41
2 - 32% - 30% - 15:03
3 - 22% - 20% - 10:31
4 - 5% - 10% - 2:30
PP Forward
1 - 64% - 60% - 4:05
2 - 36% - 40% - 2:20
PP Defense
1 - 70% - 60% - 4:28
2 - 30% - 40% - 1:57
PK Forward
1 - 84% - 60% - 4:55
2 - 16% - 40% - 0:55
PK Defense
1 - 56% - 60% - 3:17
2 - 44% - 40% - 2:33
PK3 Forward
1 - 0% - 60%
2 - 0% - 40%
PK3 Defense
1 - 0% - 60%
2 - 0% - 40%
44 Forward
1 - 0% - 60%
2 - 0% - 40%
44 Defense
1 - 0% - 60%
2 - 0% - 40%
Last Minute Offensive - 0:00
Last Minute Defensive - 0:00
Total
Forward - 60:00
Defense - 60:00
|
% Time on Ice - Rangers
Lines # - Real PCT - Wanted PCT - Time Play
Normal Forward
1 - 38% - 40% - 18:12
2 - 27% - 30% - 13:07
3 - 19% - 20% - 8:54
4 - 16% - 10% - 7:32
Normal Defense
1 - 37% - 35% - 17:41
2 - 32% - 30% - 15:14
3 - 31% - 30% - 14:37
4 - 0% - 5% - 0:13
PP Forward
1 - 49% - 60% - 2:53
2 - 51% - 40% - 2:57
PP Defense
1 - 63% - 60% - 3:40
2 - 37% - 40% - 2:10
PK Forward
1 - 83% - 60% - 5:13
2 - 17% - 40% - 1:02
PK Defense
1 - 70% - 60% - 4:23
2 - 30% - 40% - 1:52
PK3 Forward
1 - 100% - 60% - 0:10
2 - 0% - 40% - 0:00
PK3 Defense
1 - 100% - 60% - 0:10
2 - 0% - 40% - 0:00
44 Forward
1 - 0% - 60%
2 - 0% - 40%
44 Defense
1 - 0% - 60%
2 - 0% - 40%
Last Minute Offensive - 0:00
Last Minute Defensive - 0:00
Total
Forward - 60:00
Defense - 60:00
|
Play-by-Play
1st period
0:01 of 1st period - Patrice Bergeron wins face-off versus Pavel Datsyuk in neutral zone.
0:06 of 1st period - Slapshot by Jakob Silfverberg.
0:06 of 1st period - Shot Blocked by Mike Lundin.
0:14 of 1st period - Snap shot by James Neal.
0:14 of 1st period - Stopped by Rick DiPietro with a rebound.
0:16 of 1st period - Wrist shot by Patrice Bergeron.
0:16 of 1st period - Stopped by Rick DiPietro without a rebound.
0:17 of 1st period - Devin Setoguchi wins face-off versus Stephen Weiss in Blue Jackets zone.
1:07 of 1st period - Slapshot by Peter Mueller.
1:07 of 1st period - Shot Misses the Net.
1:47 of 1st period - Greg Campbell is hit by Cam Barker and loses puck.
2:18 of 1st period - Peter Mueller is hit by Patrice Bergeron and loses puck.
3:24 of 1st period - Martin Havlat is hit by Matt Greene and loses puck.
3:55 of 1st period - Snap shot by James Neal.
3:55 of 1st period - Stopped by Rick DiPietro without a rebound.
3:56 of 1st period - Mike Comrie wins face-off versus Stephen Weiss in Blue Jackets zone.
4:23 of 1st period - Mike Lundin is hit by Jakob Silfverberg and loses puck.
4:52 of 1st period - Minor Penalty to Gustav Nyquist for Tripping.
4:53 of 1st period - Milan Lucic wins face-off versus Pavel Datsyuk in Rangers zone.
5:02 of 1st period - Milan Lucic is hit by Mike Lundin and loses puck.
6:13 of 1st period - Snap shot by Alex Tanguay.
6:13 of 1st period - Shot Blocked by Mike Comrie.
6:15 of 1st period - Snap shot by Sean Couturier.
6:15 of 1st period - Stopped by Rick DiPietro with a rebound.
6:17 of 1st period - Snap shot by Sean Couturier.
6:17 of 1st period - Stopped by Rick DiPietro with a rebound.
6:52 of 1st period - Penalty to Gustav Nyquist is over, Gustav Nyquist is back on ice.
7:03 of 1st period - Slapshot by Matt Read.
7:03 of 1st period - Shot Misses the Net.
7:05 of 1st period - Wrist shot by Matt Read.
7:05 of 1st period - Shot Misses the Net.
7:56 of 1st period - Snap shot by Gustav Nyquist.
7:56 of 1st period - Shot Misses the Net.
8:33 of 1st period - Icing by Chris Bourque.
8:34 of 1st period - Pavel Datsyuk wins face-off versus Artem Anisimov in Rangers zone.
8:45 of 1st period - Snap shot by Matt Read.
8:45 of 1st period - Stopped by Rick DiPietro with a rebound.
8:49 of 1st period - Wrist shot by Chris Bourque.
8:49 of 1st period - Goal by Chris Bourque - Blue Jackets : 0 - Rangers : 1.
8:50 of 1st period - Patrice Bergeron wins face-off versus Pavel Datsyuk in neutral zone.
9:30 of 1st period - Wrist shot by Kyle Okposo.
9:30 of 1st period - Stopped by Rick DiPietro without a rebound.
9:31 of 1st period - Mike Comrie wins face-off versus Sean Couturier in Blue Jackets zone.
9:46 of 1st period - Wrist shot by Sean Couturier.
9:46 of 1st period - Stopped by Rick DiPietro without a rebound.
9:47 of 1st period - Patrice Bergeron wins face-off versus Pavel Datsyuk in Blue Jackets zone.
10:23 of 1st period - Slapshot by Max Pacioretty.
10:23 of 1st period - Shot Misses the Net.
10:41 of 1st period - Mark Fistric is hit by Kurtis Foster and loses puck.
10:56 of 1st period - Wrist shot by Pavel Datsyuk.
10:56 of 1st period - Shot Blocked by Luke Schenn.
10:58 of 1st period - Backhand shot by Cam Fowler.
10:58 of 1st period - Stopped by Frederik Andersen with a rebound.
11:00 of 1st period - Snap shot by Pavel Datsyuk.
11:00 of 1st period - Shot Misses the Net.
11:14 of 1st period - Dennis Wideman is hit by Chris Bourque and loses puck.
11:27 of 1st period - Luke Schenn is hit by Mike Lundin.
11:48 of 1st period - Milan Lucic is hit by Marcus Nilson and loses puck.
12:11 of 1st period - Slapshot by Alex Tanguay.
12:11 of 1st period - Shot Misses the Net.
12:13 of 1st period - Snap shot by Alex Tanguay.
12:13 of 1st period - Shot Misses the Net.
12:19 of 1st period - Minor Penalty to Mike Comrie for Interference.
12:20 of 1st period - Pavel Datsyuk wins face-off versus Patrice Bergeron in Blue Jackets zone.
13:33 of 1st period - Jakob Silfverberg is hit by Dennis Wideman.
13:44 of 1st period - Icing by Stephen Weiss.
13:45 of 1st period - Peter Mueller wins face-off versus Stephen Weiss in Rangers zone.
13:58 of 1st period - Cam Fowler is hit by Luke Schenn.
14:19 of 1st period - Penalty to Mike Comrie is over, Mike Comrie is back on ice.
14:38 of 1st period - Cam Barker is hit by Kurtis Foster and loses puck.
15:32 of 1st period - Wrist shot by Artem Anisimov.
15:32 of 1st period - Shot Blocked by Branislav Mezei.
17:26 of 1st period - Minor Penalty to Artem Anisimov for Hooking.
17:27 of 1st period - Milan Lucic wins face-off versus Pavel Datsyuk in Rangers zone.
17:52 of 1st period - Penalty Shot by Dennis Wideman for Blue Jackets.
17:52 of 1st period - Deke by Dennis Wideman.
17:52 of 1st period - Stopped by Frederik Andersen.
17:53 of 1st period - Milan Lucic wins face-off versus Mike Comrie in Blue Jackets zone.
18:25 of 1st period - Stephen Weiss is hit by Devin Setoguchi and loses puck.
19:18 of 1st period - Mike Lundin is hit by Sean Couturier and loses puck.
19:26 of 1st period - Penalty to Artem Anisimov is over, Artem Anisimov is back on ice.
19:35 of 1st period - Snap shot by Andreas Nodl.
19:35 of 1st period - Stopped by Frederik Andersen with a rebound.
Goals for this period are 0 for Blue Jackets vs 1 for Rangers.
Shots for this period are 2 for Blue Jackets vs 9 for Rangers.
2nd period
0:01 of 2nd period - Pavel Datsyuk wins face-off versus Patrice Bergeron in neutral zone.
0:12 of 2nd period - Backhand shot by Martin Havlat.
0:12 of 2nd period - Deflect By Pavel Datsyuk.
0:12 of 2nd period - Stopped by Frederik Andersen without a rebound.
0:13 of 2nd period - Jakob Silfverberg wins face-off versus Pavel Datsyuk in Rangers zone.
0:15 of 2nd period - Icing by Luke Schenn.
0:16 of 2nd period - Patrice Bergeron wins face-off versus Pavel Datsyuk in Rangers zone.
0:23 of 2nd period - Wrist shot by Pavel Datsyuk.
0:23 of 2nd period - Goal by Pavel Datsyuk - Blue Jackets : 1 - Rangers : 1.
0:24 of 2nd period - Pavel Datsyuk wins face-off versus Patrice Bergeron in neutral zone.
0:30 of 2nd period - Minor Penalty to Jakob Silfverberg for Hooking.
0:31 of 2nd period - Milan Lucic wins face-off versus Pavel Datsyuk in Rangers zone.
0:41 of 2nd period - Mike Lundin is hit by Cam Barker and loses puck.
1:04 of 2nd period - Snap shot by Max Pacioretty.
1:04 of 2nd period - Goal by Max Pacioretty - Blue Jackets : 2 - Rangers : 1.
1:05 of 2nd period - Pavel Datsyuk wins face-off versus Patrice Bergeron in neutral zone.
1:16 of 2nd period - Snap shot by Martin Havlat.
1:16 of 2nd period - Stopped by Frederik Andersen without a rebound.
1:17 of 2nd period - Pavel Datsyuk wins face-off versus Patrice Bergeron in Rangers zone.
1:51 of 2nd period - Stephen Weiss is hit by Devin Setoguchi and loses puck.
2:04 of 2nd period - Cam Fowler is hit by Gustav Nyquist and loses puck.
2:31 of 2nd period - Off-side.
2:32 of 2nd period - Pavel Datsyuk wins face-off versus Stephen Weiss in neutral zone.
2:35 of 2nd period - Milan Lucic is hit by Brenden Morrow and loses puck.
3:09 of 2nd period - Jakob Silfverberg is hit by Mike Lundin and loses puck.
3:59 of 2nd period - Kyle Okposo is hit by Devin Setoguchi and loses puck.
5:11 of 2nd period - Snap shot by Pavel Datsyuk.
5:11 of 2nd period - Stopped by Frederik Andersen with a rebound.
5:27 of 2nd period - Mike York is hit by Jakob Silfverberg and loses puck.
7:00 of 2nd period - Greg Campbell is hit by Stephen Weiss and loses puck.
7:17 of 2nd period - Sean Couturier is hit by Devin Setoguchi and loses puck.
7:22 of 2nd period - Snap shot by Devin Setoguchi.
7:22 of 2nd period - Stopped by Frederik Andersen without a rebound.
7:23 of 2nd period - Patrice Bergeron wins face-off versus Mike Comrie in Rangers zone.
7:28 of 2nd period - Snap shot by Patrice Bergeron.
7:28 of 2nd period - Shot Misses the Net.
7:30 of 2nd period - Snap shot by James Neal.
7:30 of 2nd period - Stopped by Rick DiPietro with a rebound.
7:32 of 2nd period - Wrist shot by James Neal.
7:32 of 2nd period - Stopped by Rick DiPietro without a rebound.
7:33 of 2nd period - Patrice Bergeron wins face-off versus Mike Comrie in Blue Jackets zone.
7:40 of 2nd period - Snap shot by Patrice Bergeron.
7:40 of 2nd period - Deflect By Mike Lundin.
7:40 of 2nd period - Stopped by Rick DiPietro without a rebound.
7:41 of 2nd period - Mike Comrie wins face-off versus Patrice Bergeron in Blue Jackets zone.
7:56 of 2nd period - Wrist shot by Devin Setoguchi.
7:56 of 2nd period - Deflect By Mike Comrie.
7:56 of 2nd period - Shot Misses the Net.
7:56 of 2nd period - Puck is out of play.
7:57 of 2nd period - Pavel Datsyuk wins face-off versus Stephen Weiss in Rangers zone.
7:58 of 2nd period - Backhand shot by Martin Havlat.
7:58 of 2nd period - Shot Misses the Net.
8:07 of 2nd period - Icing by Dennis Wideman.
8:08 of 2nd period - Pavel Datsyuk wins face-off versus Patrice Bergeron in Blue Jackets zone.
8:13 of 2nd period - Snap shot by Brenden Morrow.
8:13 of 2nd period - Stopped by Frederik Andersen with a rebound.
8:21 of 2nd period - Slapshot by Luke Schenn.
8:21 of 2nd period - Shot Blocked by Martin Havlat.
8:23 of 2nd period - Wrist shot by Jakob Silfverberg.
8:23 of 2nd period - Stopped by Rick DiPietro with a rebound.
9:06 of 2nd period - Slapshot by Kurtis Foster.
9:06 of 2nd period - Shot Blocked by Gustav Nyquist.
9:20 of 2nd period - Snap shot by Patrice Bergeron.
9:20 of 2nd period - Shot Blocked by Kurtis Foster.
9:36 of 2nd period - Devin Setoguchi is hit by Chris Bourque and loses puck.
9:47 of 2nd period - Snap shot by Matt Read.
9:47 of 2nd period - Shot Misses the Net.
10:03 of 2nd period - Slapshot by Dennis Wideman.
10:03 of 2nd period - Stopped by Frederik Andersen without a rebound.
10:04 of 2nd period - Greg Campbell wins face-off versus Patrice Bergeron in Rangers zone.
10:19 of 2nd period - Slapshot by Matt Greene.
10:19 of 2nd period - Deflect By James Neal.
10:19 of 2nd period - Stopped by Rick DiPietro without a rebound.
10:20 of 2nd period - Stephen Weiss wins face-off versus Mike Comrie in Blue Jackets zone.
11:09 of 2nd period - Slapshot by Marcus Nilson.
11:09 of 2nd period - Shot Misses the Net.
11:17 of 2nd period - Wrist shot by Marcus Nilson.
11:17 of 2nd period - Shot Blocked by Mark Fistric.
11:50 of 2nd period - Off-side.
11:51 of 2nd period - Mike Comrie wins face-off versus Stephen Weiss in neutral zone.
11:56 of 2nd period - Wrist shot by Max Pacioretty.
11:56 of 2nd period - Shot Misses the Net.
11:58 of 2nd period - Slapshot by Dennis Wideman.
11:58 of 2nd period - Stopped by Frederik Andersen with a rebound.
12:00 of 2nd period - Wrist shot by Mike Lundin.
12:00 of 2nd period - Shot Misses the Net.
12:02 of 2nd period - Wrist shot by Devin Setoguchi.
12:02 of 2nd period - Stopped by Frederik Andersen with a rebound.
12:04 of 2nd period - Wrist shot by Devin Setoguchi.
12:04 of 2nd period - Goal by Devin Setoguchi - Blue Jackets : 3 - Rangers : 1.
12:05 of 2nd period - Pavel Datsyuk wins face-off versus Patrice Bergeron in neutral zone.
12:10 of 2nd period - Slapshot by Martin Havlat.
12:10 of 2nd period - Stopped by Frederik Andersen with a rebound.
12:12 of 2nd period - Snap shot by Dennis Wideman.
12:12 of 2nd period - Deflect By Matt Greene.
12:12 of 2nd period - Stopped by Frederik Andersen without a rebound.
12:13 of 2nd period - Patrice Bergeron wins face-off versus Pavel Datsyuk in Rangers zone.
12:34 of 2nd period - Slapshot by Martin Havlat.
12:34 of 2nd period - Goal by Martin Havlat - Blue Jackets : 4 - Rangers : 1.
12:34 of 2nd period - Braden Holtby enters game.
12:35 of 2nd period - Patrice Bergeron wins face-off versus Pavel Datsyuk in neutral zone.
12:53 of 2nd period - Mike Lundin is hit by James Neal and loses puck.
13:12 of 2nd period - Slapshot by Cam Barker.
13:12 of 2nd period - Stopped by Rick DiPietro with a rebound.
13:14 of 2nd period - Slapshot by Luke Schenn.
13:14 of 2nd period - Stopped by Rick DiPietro with a rebound.
13:34 of 2nd period - Snap shot by Mike Comrie.
13:34 of 2nd period - Shot Misses the Net.
13:36 of 2nd period - Backhand shot by Mike Comrie.
13:36 of 2nd period - Stopped by Braden Holtby without a rebound.
13:37 of 2nd period - Mike Comrie wins face-off versus Patrice Bergeron in Rangers zone.
13:38 of 2nd period - Snap shot by Max Pacioretty.
13:38 of 2nd period - Deflect By James Neal.
13:38 of 2nd period - Stopped by Braden Holtby without a rebound.
13:39 of 2nd period - Devin Setoguchi wins face-off versus Jakob Silfverberg in Rangers zone.
13:42 of 2nd period - Slapshot by Max Pacioretty.
13:42 of 2nd period - Shot Misses the Net.
14:04 of 2nd period - Cam Fowler is hit by Stephen Weiss and loses puck.
14:13 of 2nd period - Snap shot by Kyle Okposo.
14:13 of 2nd period - Shot Misses the Net.
14:53 of 2nd period - Slapshot by Devin Setoguchi.
14:53 of 2nd period - Deflect By Matt Read.
14:53 of 2nd period - Shot Misses the Net.
14:53 of 2nd period - Puck is out of play.
14:54 of 2nd period - Peter Mueller wins face-off versus Patrice Bergeron in Rangers zone.
15:25 of 2nd period - Cam Fowler is hit by Mark Fistric and loses puck.
15:40 of 2nd period - Slapshot by Gustav Nyquist.
15:40 of 2nd period - Stopped by Rick DiPietro without a rebound.
15:41 of 2nd period - Sean Couturier wins face-off versus Mike Comrie in Blue Jackets zone.
15:42 of 2nd period - Wrist shot by Luke Schenn.
15:42 of 2nd period - Shot Hit the Post.
15:44 of 2nd period - Slapshot by Gustav Nyquist.
15:44 of 2nd period - Stopped by Rick DiPietro with a rebound.
15:50 of 2nd period - Snap shot by Gustav Nyquist.
15:50 of 2nd period - Shot Misses the Net.
15:52 of 2nd period - Slapshot by Luke Schenn.
15:52 of 2nd period - Stopped by Rick DiPietro with a rebound.
15:54 of 2nd period - Slapshot by Cam Barker.
15:54 of 2nd period - Shot Blocked by Dennis Wideman.
15:56 of 2nd period - Snap shot by Sean Couturier.
15:56 of 2nd period - Deflect By Mike Lundin.
15:56 of 2nd period - Stopped by Rick DiPietro without a rebound.
15:57 of 2nd period - Pavel Datsyuk wins face-off versus Patrice Bergeron in Blue Jackets zone.
15:57 of 2nd period - Pavel Datsyuk is hit by Patrice Bergeron.
16:05 of 2nd period - Snap shot by Brenden Morrow.
16:05 of 2nd period - Stopped by Braden Holtby without a rebound.
16:06 of 2nd period - Pavel Datsyuk wins face-off versus Patrice Bergeron in Rangers zone.
16:09 of 2nd period - Snap shot by Pavel Datsyuk.
16:09 of 2nd period - Stopped by Braden Holtby without a rebound.
16:10 of 2nd period - Patrice Bergeron wins face-off versus Pavel Datsyuk in Rangers zone.
16:13 of 2nd period - Wrist shot by Martin Havlat.
16:13 of 2nd period - Shot Misses the Net.
17:07 of 2nd period - Slapshot by Sean Couturier.
17:07 of 2nd period - Stopped by Rick DiPietro with a rebound.
17:09 of 2nd period - Wrist shot by Sean Couturier.
17:09 of 2nd period - Stopped by Rick DiPietro with a rebound.
17:11 of 2nd period - Slapshot by Colten Teubert.
17:11 of 2nd period - Deflect By Peter Mueller.
17:11 of 2nd period - Stopped by Rick DiPietro without a rebound.
17:12 of 2nd period - Pavel Datsyuk wins face-off versus Patrice Bergeron in Blue Jackets zone.
17:19 of 2nd period - Jakob Silfverberg is hit by Cam Fowler and loses puck.
18:04 of 2nd period - Minor Penalty to Mike Comrie for Boarding.
18:05 of 2nd period - Pavel Datsyuk wins face-off versus Stephen Weiss in Blue Jackets zone.
18:27 of 2nd period - Icing by Milan Lucic.
18:28 of 2nd period - Stephen Weiss wins face-off versus Pavel Datsyuk in Rangers zone.
19:01 of 2nd period - Slapshot by Kyle Okposo.
19:01 of 2nd period - Shot Misses the Net.
19:03 of 2nd period - Slapshot by Luke Schenn.
19:03 of 2nd period - Stopped by Rick DiPietro with a rebound.
19:05 of 2nd period - Wrist shot by Milan Lucic.
19:05 of 2nd period - Shot Blocked by Mike Lundin.
19:15 of 2nd period - Snap shot by Milan Lucic.
19:15 of 2nd period - Stopped by Rick DiPietro without a rebound.
19:16 of 2nd period - Patrice Bergeron wins face-off versus Brenden Morrow in Blue Jackets zone.
19:17 of 2nd period - Snap shot by James Neal.
19:17 of 2nd period - Stopped by Rick DiPietro with a rebound.
Goals for this period are 4 for Blue Jackets vs 0 for Rangers.
Shots for this period are 18 for Blue Jackets vs 17 for Rangers.
3rd period
0:01 of 3rd period - Patrice Bergeron wins face-off versus Pavel Datsyuk in neutral zone.
0:04 of 3rd period - Penalty to Mike Comrie is over, Mike Comrie is back on ice.
0:12 of 3rd period - Snap shot by James Neal.
0:12 of 3rd period - Deflect By Patrice Bergeron.
0:12 of 3rd period - Shot Misses the Net.
0:12 of 3rd period - Puck is out of play.
0:13 of 3rd period - Pavel Datsyuk wins face-off versus Patrice Bergeron in Blue Jackets zone.
0:22 of 3rd period - Wrist shot by Pavel Datsyuk.
0:22 of 3rd period - Stopped by Braden Holtby without a rebound.
0:23 of 3rd period - Pavel Datsyuk wins face-off versus Patrice Bergeron in Rangers zone.
0:35 of 3rd period - Off-side.
0:36 of 3rd period - Pavel Datsyuk wins face-off versus Patrice Bergeron in neutral zone.
0:43 of 3rd period - Slapshot by Martin Havlat.
0:43 of 3rd period - Stopped by Braden Holtby without a rebound.
0:44 of 3rd period - Jakob Silfverberg wins face-off versus Brenden Morrow in Rangers zone.
1:19 of 3rd period - Wrist shot by Kyle Okposo.
1:19 of 3rd period - Stopped by Rick DiPietro without a rebound.
1:20 of 3rd period - Pavel Datsyuk wins face-off versus Patrice Bergeron in Blue Jackets zone.
1:31 of 3rd period - Snap shot by Matt Greene.
1:31 of 3rd period - Stopped by Rick DiPietro without a rebound.
1:32 of 3rd period - Pavel Datsyuk wins face-off versus Stephen Weiss in Blue Jackets zone.
1:37 of 3rd period - Slapshot by Mike Lundin.
1:37 of 3rd period - Deflect By Martin Havlat.
1:37 of 3rd period - Shot Misses the Net.
1:37 of 3rd period - Puck is out of play.
1:38 of 3rd period - Pavel Datsyuk wins face-off versus Stephen Weiss in Rangers zone.
1:45 of 3rd period - Backhand shot by Martin Havlat.
1:45 of 3rd period - Shot Blocked by Milan Lucic.
1:49 of 3rd period - Snap shot by Pavel Datsyuk.
1:49 of 3rd period - Shot Blocked by Matt Greene.
1:51 of 3rd period - Snap shot by Brenden Morrow.
1:51 of 3rd period - Stopped by Braden Holtby with a rebound.
1:53 of 3rd period - Snap shot by Mike Lundin.
1:53 of 3rd period - Stopped by Braden Holtby with a rebound.
2:13 of 3rd period - Slapshot by Jakob Silfverberg.
2:13 of 3rd period - Goal by Jakob Silfverberg - Blue Jackets : 4 - Rangers : 2.
2:14 of 3rd period - Patrice Bergeron wins face-off versus Pavel Datsyuk in neutral zone.
2:21 of 3rd period - Snap shot by Patrice Bergeron.
2:21 of 3rd period - Stopped by Rick DiPietro without a rebound.
2:22 of 3rd period - Pavel Datsyuk wins face-off versus Patrice Bergeron in Blue Jackets zone.
2:33 of 3rd period - Slapshot by Patrice Bergeron.
2:33 of 3rd period - Deflect By James Neal.
2:33 of 3rd period - Stopped by Rick DiPietro with a rebound.
3:03 of 3rd period - Minor Penalty to Kyle Okposo for Roughing.
3:04 of 3rd period - Milan Lucic wins face-off versus Pavel Datsyuk in Rangers zone.
3:25 of 3rd period - Minor Penalty to Jakob Silfverberg for Cross-checking.
3:26 of 3rd period - Pavel Datsyuk wins face-off versus Patrice Bergeron in Rangers zone.
3:35 of 3rd period - Snap shot by Brenden Morrow.
3:35 of 3rd period - Goal by Brenden Morrow - Blue Jackets : 5 - Rangers : 2.
3:36 of 3rd period - Pavel Datsyuk wins face-off versus Milan Lucic in neutral zone.
3:39 of 3rd period - Slapshot by Mike Lundin.
3:39 of 3rd period - Shot Blocked by Cam Barker.
3:41 of 3rd period - Wrist shot by Dennis Wideman.
3:41 of 3rd period - Deflect By Martin Havlat.
3:41 of 3rd period - Shot Misses the Net.
3:41 of 3rd period - Puck is out of play.
3:42 of 3rd period - Pavel Datsyuk wins face-off versus Milan Lucic in Rangers zone.
3:47 of 3rd period - Wrist shot by Brenden Morrow.
3:47 of 3rd period - Stopped by Braden Holtby without a rebound.
3:48 of 3rd period - Pavel Datsyuk wins face-off versus Milan Lucic in Rangers zone.
3:53 of 3rd period - Snap shot by Martin Havlat.
3:53 of 3rd period - Deflect By Brenden Morrow.
3:53 of 3rd period - Shot Misses the Net.
3:53 of 3rd period - Puck is out of play.
3:54 of 3rd period - Milan Lucic wins face-off versus Pavel Datsyuk in Rangers zone.
4:09 of 3rd period - Off-side.
4:10 of 3rd period - Milan Lucic wins face-off versus Pavel Datsyuk in neutral zone.
4:19 of 3rd period - Dennis Wideman is hit by Patrice Bergeron and loses puck.
4:44 of 3rd period - Snap shot by Pavel Datsyuk.
4:44 of 3rd period - Stopped by Braden Holtby without a rebound.
4:45 of 3rd period - Milan Lucic wins face-off versus Mike Comrie in Rangers zone.
4:54 of 3rd period - Wrist shot by Max Pacioretty.
4:54 of 3rd period - Stopped by Braden Holtby with a rebound.
4:56 of 3rd period - Snap shot by Max Pacioretty.
4:56 of 3rd period - Goal by Max Pacioretty - Blue Jackets : 6 - Rangers : 2.
4:57 of 3rd period - Pavel Datsyuk wins face-off versus Patrice Bergeron in neutral zone.
5:26 of 3rd period - Milan Lucic is hit by Max Pacioretty and loses puck.
5:35 of 3rd period - Snap shot by Max Pacioretty.
5:35 of 3rd period - Deflect By Mike Comrie.
5:35 of 3rd period - Shot Blocked by Luke Schenn.
5:35 of 3rd period - Puck is out of play.
5:36 of 3rd period - Alex Tanguay wins face-off versus Peter Mueller in Rangers zone.
5:41 of 3rd period - Slapshot by Matt Greene.
5:41 of 3rd period - Shot Blocked by Marcus Nilson.
6:07 of 3rd period - Off-side.
6:08 of 3rd period - Patrice Bergeron wins face-off versus Pavel Datsyuk in neutral zone.
6:35 of 3rd period - Wrist shot by Mike Comrie.
6:35 of 3rd period - Stopped by Braden Holtby without a rebound.
6:36 of 3rd period - Stephen Weiss wins face-off versus Mike Comrie in Rangers zone.
6:49 of 3rd period - Snap shot by Stephen Weiss.
6:49 of 3rd period - Shot Misses the Net.
6:51 of 3rd period - Wrist shot by Stephen Weiss.
6:51 of 3rd period - Shot Misses the Net.
6:53 of 3rd period - Snap shot by Stephen Weiss.
6:53 of 3rd period - Stopped by Rick DiPietro without a rebound.
6:54 of 3rd period - Pavel Datsyuk wins face-off versus Patrice Bergeron in Blue Jackets zone.
6:59 of 3rd period - Jakob Silfverberg is hit by Cam Fowler and loses puck.
8:27 of 3rd period - Icing by Pavel Datsyuk.
8:28 of 3rd period - Pavel Datsyuk wins face-off versus Patrice Bergeron in Blue Jackets zone.
8:32 of 3rd period - Off-side.
8:33 of 3rd period - Mike Comrie wins face-off versus Patrice Bergeron in neutral zone.
8:36 of 3rd period - Snap shot by Max Pacioretty.
8:36 of 3rd period - Goal by Max Pacioretty - Blue Jackets : 7 - Rangers : 2.
8:37 of 3rd period - Patrice Bergeron wins face-off versus Martin Havlat in neutral zone.
8:39 of 3rd period - Off-side.
8:40 of 3rd period - Patrice Bergeron wins face-off versus Martin Havlat in neutral zone.
8:44 of 3rd period - Cam Barker is hit by Mike Lundin and loses puck.
8:54 of 3rd period - Patrice Bergeron beats up Brenden Morrow.
8:54 of 3rd period - Penalty to Patrice Bergeron for Fighting.
8:54 of 3rd period - Penalty to Brenden Morrow for Fighting.
8:55 of 3rd period - Pavel Datsyuk wins face-off versus Kyle Okposo in Blue Jackets zone.
8:55 of 3rd period - Pavel Datsyuk is hit by James Neal.
9:20 of 3rd period - Pavel Datsyuk is hit by Chris Bourque and loses puck.
9:33 of 3rd period - Wrist shot by Chris Bourque.
9:33 of 3rd period - Stopped by Rick DiPietro with a rebound.
10:29 of 3rd period - Snap shot by Marcus Nilson.
10:29 of 3rd period - Shot Misses the Net.
11:13 of 3rd period - Icing by Greg Campbell.
11:14 of 3rd period - Gustav Nyquist wins face-off versus Greg Campbell in Blue Jackets zone.
11:45 of 3rd period - Slapshot by Artem Anisimov.
11:45 of 3rd period - Stopped by Rick DiPietro with a rebound.
12:01 of 3rd period - Wrist shot by Pavel Datsyuk.
12:01 of 3rd period - Deflect By Martin Havlat.
12:01 of 3rd period - Stopped by Braden Holtby with a rebound.
12:46 of 3rd period - Snap shot by Chris Bourque.
12:46 of 3rd period - Stopped by Rick DiPietro without a rebound.
12:47 of 3rd period - Kyle Okposo wins face-off versus Greg Campbell in Blue Jackets zone.
12:52 of 3rd period - Backhand shot by Jakob Silfverberg.
12:52 of 3rd period - Deflect By James Neal.
12:52 of 3rd period - Shot Misses the Net.
12:52 of 3rd period - Puck is out of play.
12:53 of 3rd period - Kyle Okposo wins face-off versus Mike Comrie in Blue Jackets zone.
13:22 of 3rd period - Wrist shot by Chris Bourque.
13:22 of 3rd period - Stopped by Rick DiPietro without a rebound.
13:23 of 3rd period - Artem Anisimov wins face-off versus Pavel Datsyuk in Blue Jackets zone.
13:59 of 3rd period - Snap shot by Chris Bourque.
13:59 of 3rd period - Deflect By Cam Fowler.
13:59 of 3rd period - Goal by Chris Bourque - Blue Jackets : 7 - Rangers : 3.
14:00 of 3rd period - Patrice Bergeron wins face-off versus Pavel Datsyuk in neutral zone.
14:37 of 3rd period - Matt Greene is hit by Devin Setoguchi and loses puck.
14:52 of 3rd period - Wrist shot by Alex Tanguay.
14:52 of 3rd period - Shot Blocked by Kurtis Foster.
15:08 of 3rd period - Mark Fistric is hit by Cam Fowler and loses puck.
15:40 of 3rd period - Snap shot by Mark Fistric.
15:40 of 3rd period - Goal by Mark Fistric - Blue Jackets : 7 - Rangers : 4.
15:41 of 3rd period - Patrice Bergeron wins face-off versus Pavel Datsyuk in neutral zone.
15:46 of 3rd period - Martin Havlat is hit by James Neal and loses puck.
17:21 of 3rd period - Wrist shot by Jakob Silfverberg.
17:21 of 3rd period - Stopped by Rick DiPietro without a rebound.
17:22 of 3rd period - Andreas Nodl wins face-off versus Stephen Weiss in Blue Jackets zone.
17:29 of 3rd period - Snap shot by Andreas Nodl.
17:29 of 3rd period - Shot Misses the Net.
17:49 of 3rd period - Luke Schenn is hit by A.J Thelen and loses puck.
18:07 of 3rd period - Minor Penalty to Pavel Datsyuk for Cross-checking.
18:08 of 3rd period - Peter Mueller wins face-off versus Patrice Bergeron in Blue Jackets zone.
18:35 of 3rd period - Luke Schenn is hit by Greg Campbell and loses puck.
18:46 of 3rd period - Slapshot by Luke Schenn.
18:46 of 3rd period - Shot Blocked by Cam Fowler.
18:56 of 3rd period - Greg Campbell is hit by Jakob Silfverberg and loses puck.
19:23 of 3rd period - Mike Lundin is hit by Kyle Okposo and loses puck.
Goals for this period are 3 for Blue Jackets vs 3 for Rangers.
Shots for this period are 12 for Blue Jackets vs 13 for Rangers.
Back to the Top